cohdb
Replays
Latest Replays
All Replays
Popular Replays
Top Player Replays
Match Explorer
How It Works
Community
CoH3 Stats
Reddit
Sign in to upload your games and track your stats! →
Sign in with Steam
Match 45970075
Unlisted
Match 45970075
Overview
Messages
Build Orders
End
Selects Mechanized Battlegroup
Construct Infanterie Kompanie
MG 42 Machine Gun Team
MG 42 Machine Gun Team
Construct Panzergrenadier Kompanie
Panzergrenadier Squad
Panzergrenadier Squad
251 Medium Carrier
Forward Retreat Point
Medical Bunker
Selects Raid Package
Support Elements
Selects 8 Rad Armored Car
8 Rad Armored Car
Nebelwerfer 42 Rocket Launcher Team
Construct Panzer Kompanie
Selects UNKNOWN (2160084)
Selects Spotting Scopes
Panther Heavy Tank
Stoßtruppen Squad
Selects Wespe Self-propelled Artillery
Stoßtruppen Squad
Sturmpanzer IV Brummbär
Pioneer Squad
Side Skirts
Selects Zeroing Artillery Barrage
Panther Heavy Tank
Zeroing Artillery Barrage
Stoßtruppen Squad
Pioneer Squad
Stoßtruppen Squad
Panther Heavy Tank
Medical Bunker
Panther Heavy Tank
Panzer Officer Quarters
Sturmpanzer IV Brummbär
The Skipper
Zce
CybeRpuNK
糖果炮弹轰轰甜
Rap Rap
KanekCASE.GIFT
Abeli
zeterran
0
0
Comments
sign in to comment!
No comments posted yet!